AoeStats
← Dead"Facil te carreo"Rabbit

Arabian Desert

509250564Analyzed
1v1 RM · 7d ago on Sep 26, 2026· 38m 27s· 2 players
Game mode
Random Map
Map size
Tiny (2 player)
Population
200
Speed
Normal
Resources
Standard
Victory
Conquest
Starting age
Dark Age
Ending age
Imperial Age
RankedLock teamsTeams togetherTeam positionsShared explorationLock speedFull tech treeHidden civsTurbo modeCheats
Victory
Defeat
891
+15
🇧🇷 Teutons · Brazil
862
-15
Babesh
5:19 Loom
10:06 Feudal Age
11:35 Man-at-Arms
24:00 Forging
26:26 Castle Age
25:06 Forging
25:27 Scale Mail Armor
28:24 Fletching
31:23 Bodkin Arrow
35:30 Pikeman
Dead"Facil te carreo"Rabbit
7:47 Loom
9:59 Feudal Age
15:50 Scale Barding Armor
21:04 Castle Age
20:17 Gold Mining
20:20 Double-Bit Axe
20:28 Horse Collar
32:02 Heavy Plow
36:18 Wheelbarrow
36:46 Bloodlines
37:43 Chain Barding Armor
37:28 Husbandry
Connection lost

Rejoining the realm…

Still unreachable

The connection could not be restored.

Session expired

The server has moved on; the page needs a fresh start.